 Dungeon Crawl Stone Soup version 0.22-a0-456-g11ed031617 (webtiles) character file.

7702 Kaname the Destroyer (level 11, 68/79 HPs)
             Began as a Demonspawn Wizard on June 6, 2018.
             Was an Initiate of Gozag.
             Quit the game on level 10 of the Dungeon.
             The game lasted 00:43:17 (9850 turns).

Kaname the Destroyer (Demonspawn Wizard)            Turns: 9850, Time: 00:43:17

Health: 68/79      AC:  5    Str:  8    XL:     11   Next: 0%
Magic:  21/27      EV: 12    Int: 27    God:    Gozag
Gold:   523        SH:  0    Dex: 14    Spells: 11/20 levels left

rFire    + . .     SeeInvis +   r - +2 quarterstaff (chaos)
rCold    . . .     Gourm    .   (shield currently unavailable)
rNeg     . . .     Faith    .   a - +0 robe
rPois    .         Spirit   .   (helmet unavailable)
rElec    .         Reflect  .   w - +0 cloak
rCorr    .         Harm     .   (no gloves)
MR       .....                  y - +1 pair of boots {run}
Stlth    +++.......             u - amulet of the acrobat
HPRegen  0.23/turn              z - +5 ring of intelligence
MPRegen  0.20/turn              p - ring of magical power

@: gold aura, quick
A: antennae 3, thin skeletal structure 1, fire resistance 1, powered by pain 2,
flame cloud immunity
a: Potion Petition, Call Merchant, Bribe Branch, Renounce Religion


You were on level 10 of the Dungeon.
You worshipped Gozag.
Gozag was pleased with you.
You were not hungry.

You visited 2 branches of the dungeon, and saw 11 of its levels.

You collected 1433 gold pieces.
You spent 200 gold pieces at shops.
You paid 710 gold pieces to Gozag.

Inventory:

Hand Weapons
 e - a +0 blowgun
 r - a +2 quarterstaff of chaos (weapon)
 x - a +1 vampiric spear
 G - a +2 short sword of speed
Missiles
 c - 214 arrows
 m - 49 poisoned needles
 v - 8 needles of sleeping
Armour
 a - a +0 robe (worn)
 b - a +0 hat
 w - a +0 cloak (worn)
 y - a +1 pair of boots of running (worn)
Jewellery
 p - a ring of magical power (right hand)
 q - an uncursed ring of poison resistance
 u - an amulet of the acrobat (around neck)
 z - a +5 ring of intelligence (left hand)
 B - a +4 ring of dexterity {unknown}
Wands
 i - a wand of clouds (2)
 E - a wand of digging (11)
 H - a wand of iceblast (3)
 L - a wand of disintegration (10)
Scrolls
 f - 2 scrolls of amnesia
 g - 5 scrolls of teleportation
 h - 2 scrolls of immolation
 l - 5 scrolls of remove curse
 n - 3 scrolls of fear
 A - 2 scrolls of magic mapping {unknown}
 C - 2 scrolls of fog
 J - a scroll of enchant weapon {unknown}
 K - a scroll of identify
Potions
 j - 4 potions of flight
 k - 2 potions of might
 o - 3 potions of lignification
 s - 4 potions of heal wounds
 t - 3 potions of curing
 D - 2 potions of magic {unknown}
 F - a potion of resistance {unknown}
 I - a potion of agility
 M - a potion of invisibility {unknown}
Comestibles
 d - 14 rations


   Skills:
 - Level 5.0 Fighting
 - Level 5.0 Short Blades
 - Level 1.7 Dodging
 - Level 5.4 Stealth
 - Level 5.0 Spellcasting
 + Level 11.2 Conjurations
   Level 1.0 Summonings
 - Level 2.0 Translocations
 - Level 4.0 Fire Magic
 - Level 4.0 Air Magic
 - Level 2.1 Poison Magic


You had 11 spell levels left.
You knew the following spells:

 Your Spells              Type           Power        Failure   Level  Hunger
a - Magic Dart            Conj           ####         1%          1    None
b - Blink                 Tloc           N/A          4%          2    None
c - Mephitic Cloud        Conj/Pois/Air  #####...     1%          3    #......
d - Conjure Flame         Conj/Fire      #####...     1%          3    #......

Your spell library contained the following spells:

 Spells                   Type           Power        Failure   Level  Hunger
 Cause Fear               Hex            #.........   56%         4    ###....
 Apportation              Tloc           ###...       3%          1    None
 Slow                     Hex            #.......     11%         2    None
 Invisibility             Hex            #.......     100%        6    ######.
 Summon Small Mammal      Summ           ##..         4%          1    None
 Summon Ice Beast         Ice/Summ       #.......     50%         4    ###....
 Call Imp                 Summ           ##......     7%          2    None
 Tukima's Dance           Hex            #.......     22%         3    #......
 Call Canine Familiar     Summ           ##......     14%         3    #......
 Summon Butterflies       Summ           ##......     4%          1    None
 Corona                   Hex            #......      7%          1    None
 Alistair's Intoxication  Tmut/Pois      ##......     78%         5    #####..
 Portal Projectile        Hex/Tloc       ##....       14%         3    #......
 Leda's Liquefaction      Hex/Erth       #.........   56%         4    ###....
 Inner Flame              Hex/Fire       ###.....     10%         3    #......
 Summon Lightning Spire   Summ/Air       ###.....     26%         4    ###....
 Summon Guardian Golem    Hex/Summ       #.......     17%         3    #......
 Lesser Beckoning         Tloc           ###.......   10%         3    #......


Dungeon Overview and Level Annotations

Branches:
Dungeon (10/15)            Temple (1/1) D:5             Orc (0/2) D:9
   Lair: D:8-11

Altars:
Ashenzari
Cheibriados
Dithmenos
Elyvilon
Fedhas
Gozag
Hepliaklqana
Kikubaaqudgha
Makhleb
Nemelex Xobeh
Okawaru
Qazlal
Ru
Sif Muna
Trog
Uskayaw
Vehumet
Wu Jian
Xom
Yredelemnul
Zin
The Shining One

Shops:
D:9 =%


Innate Abilities, Weirdness & Mutations

You have a pair of large antennae on your head. (SInv)
You have a somewhat thin skeletal structure. (Dex +2, Stealth)
Your flesh is heat resistant. (rF+)
You sometimes gain power by taking damage.
You are immune to clouds of flame.


Message History

Confirm with . or Enter, or press ? or * to list all spells.
Aiming: Magic Dart (safe; 1% risk of failure)
Press: ? - help, Shift-Dir - straight line, f/p - orc wizard
Aim: an orc wizard, wielding a dagger and wearing a robe (heavily wounded, fast)
The magic dart hits the orc wizard.
The orc wizard is severely wounded.
The orc wizard hits you but does no damage.
A kobold comes into view.
You barely miss the orc wizard.
The orc wizard is severely wounded.
The orc wizard closely misses you.
A kobold comes into view.
The orc wizard hits you with a dagger.
You thump the orc wizard!
You kill the orc wizard!
You have reached level 11!
Your demonic ancestry asserts itself...
Your bones become slightly less dense.
The adder barely misses you.
Are you sure you want to abandon this character and quit the game? (Confirm with "yes".)

##### ##....
....# #.#o######
#.######.#S.KK...
#........@#
########..#
###..# #####<...#
{{ #.......##
#.####### { { {
{{ {


You could see an adder, an orc and 2 kobolds.

Vanquished Creatures
  Erica (D:8)
  A two-headed ogre (D:9)
  A tengu conjurer (D:9)
  A troll (D:9)
  5 yaks
  A wyvern (D:8)
  A hungry ghost (D:7)
  A water moccasin (D:7)
  4 orc warriors
  2 ice beasts
  2 black bears
  A sky beast (D:8)
  3 phantoms
  10 ogres
  5 centaurs
  5 big kobolds
  8 bullfrogs
  2 gnoll sergeants (D:9)
  3 scorpions
  2 howler monkeys
  5 crimson imps
  A bullfrog zombie (D:7)
  A quasit (D:9)
  2 centaur skeletons (D:5)
  2 jellies
  6 orc priests
  7 hounds
  Crazy Yiuf (D:3)
  Jessica (D:3)
  2 iguanas
  Terence (D:2)
  9 orc wizards
  3 worker ants
  A hound zombie (D:8)
  2 hound skeletons
  A howler monkey zombie (D:6)
  13 gnolls
  9 adders
  2 shadow imps
  An ooze (D:3)
  An adder skeleton (D:6)
  2 worms
  3 dart slugs
  3 leopard geckos
  25 orcs
  3 ball pythons
  10 giant cockroaches
  6 goblins
  8 hobgoblins
  5 jackals
  15 kobolds
  6 quokkas
  4 bats
  9 frilled lizards
  A leopard gecko skeleton (D:4)
  2 quokka skeletons
  7 rats
239 creatures vanquished.

Notes
Turn   | Place    | Note
-------+----------+-------------------------------------------
     0 | D:1      | Kaname the Demonspawn Wizard began the quest for the Orb.
     0 | D:1      | Reached XP level 1. HP: 13/13 MP: 4/4
   192 | D:1      | Reached skill level 2 in Conjurations
   233 | D:1      | Gained mutation: You sometimes gain a little power by taking damage. [demonic ancestry]
   233 | D:1      | Reached XP level 2. HP: 19/19 MP: 4/6
   682 | D:1      | Reached skill level 3 in Conjurations
   682 | D:1      | Gained mutation: You have a pair of small antennae on your head. [demonic ancestry]
   682 | D:1      | Reached XP level 3. HP: 21/24 MP: 2/7
   686 | D:1      | Learned a level 2 spell: Blink
   690 | D:1      | Learned a level 3 spell: Mephitic Cloud
  1072 | D:2      | Noticed Terence
  1829 | D:2      | Reached skill level 4 in Conjurations
  1829 | D:2      | Gained mutation: You have a pair of antennae on your head. [demonic ancestry]
  1829 | D:2      | Reached XP level 4. HP: 19/30 MP: 0/8
  2212 | D:2      | Killed Terence
  2395 | D:3      | Reached skill level 5 in Conjurations
  2395 | D:3      | Gained mutation: Your flesh is heat resistant. (rF+) [demonic ancestry]
  2395 | D:3      | Reached XP level 5. HP: 21/35 MP: 4/9
  2536 | D:3      | Learned a level 3 spell: Conjure Flame
  2861 | D:3      | Reached skill level 6 in Conjurations
  2861 | D:3      | Gained mutation: You are immune to clouds of flame. [demonic ancestry]
  2861 | D:3      | Reached XP level 6. HP: 41/41 MP: 10/10
  2863 | D:3      | Noticed Jessica
  2871 | D:3      | Killed Jessica
  3074 | D:3      | Found a runed door.
  3355 | D:3      | Noticed Crazy Yiuf
  3373 | D:3      | Killed Crazy Yiuf
  3373 | D:3      | Reached skill level 1 in Translocations
  3812 | D:4      | Reached XP level 7. HP: 46/46 MP: 11/11
  4781 | D:5      | Entered Level 5 of the Dungeon
  4863 | D:5      | Identified a +1 pair of boots of running (You found it on level 5 of the Dungeon)
  4883 | D:5      | Reached skill level 5 in Stealth
  5120 | D:5      | Reached skill level 7 in Conjurations
  5120 | D:5      | Gained mutation: You have a pair of large antennae on your head. (SInv) [demonic ancestry]
  5120 | D:5      | Reached XP level 8. HP: 52/52 MP: 2/12
  5126 | D:5      | Found a staircase to the Ecumenical Temple.
  5149 | Temple   | Entered the Ecumenical Temple
  5199 | Temple   | Became a worshipper of Gozag Ym Sagoz the Greedy
  5365 | D:5      | Reached skill level 8 in Conjurations
  5535 | D:6      | Reached skill level 1 in Fighting
  5703 | D:6      | Reached skill level 5 in Fighting
  5885 | D:6      | Reached skill level 1 in Air Magic
  5922 | D:6      | Reached XP level 9. HP: 67/68 MP: 10/13
  5986 | D:6      | Reached skill level 1 in Fire Magic
  6783 | D:7      | Reached skill level 9 in Conjurations
  7171 | D:8      | Found a radiant altar of Vehumet.
  7318 | D:8      | Reached skill level 10 in Conjurations
  7367 | D:8      | Reached skill level 1 in Short Blades
  7418 | D:8      | Noticed a gargoyle
  7475 | D:8      | Noticed Erica
  7500 | D:8      | Killed Erica
  7500 | D:8      | Reached skill level 5 in Short Blades
  7500 | D:8      | Gained mutation: You sometimes gain power by taking damage. [demonic ancestry]
  7500 | D:8      | Reached XP level 10. HP: 67/74 MP: 3/14
  8427 | D:9      | Bought a ration for 50 gold pieces
  8427 | D:9      | Bought a ration for 50 gold pieces
  8427 | D:9      | Bought a ration for 50 gold pieces
  8427 | D:9      | Bought a ration for 50 gold pieces
  8445 | D:9      | Found a staircase to the Orcish Mines.
  8727 | D:9      | Noticed a two-headed ogre
  8743 | D:9      | Killed a two-headed ogre
  8764 | D:9      | Reached skill level 5 in Spellcasting
  8904 | D:9      | Found Ubill's Jewellery Emporium.
  9632 | D:9      | Reached skill level 11 in Conjurations
  9833 | D:10     | Entered Level 10 of the Dungeon
  9849 | D:10     | Gained mutation: You have a somewhat thin skeletal structure. (Dex +2, Stealth) [demonic ancestry]
  9849 | D:10     | Reached XP level 11. HP: 67/79 MP: 18/18
  9850 | D:10     | Quit the game

Vault maps used:
D:1:      sevenhm_arrival_forest_fort_small_6, minmay_tromino_v4_b
D:2:      uniq_terence
D:3:      uniq_crazy_yiuf_cottage, uniq_jessica
D:5:      minmay_temple_entry_statues_fountains, first_ration
D:8:      hangedman_cross_stitches, overflow_temple_1_default, uniq_erica
D:9:      kennysheep_orc_monster_closet_entryway, serial_shops, shop,
          grunt_ogre_cave, minivault_20
D:10:     grunt_lair_entry_orc_guard_hut, uniq_josephine
Temple:   nicolae_temple_the_god_donut

Skill      XL: |  1  2  3  4  5  6  7  8  9 10 |
---------------+-------------------------------+-----
Conjurations   | 2 3 4 5 6 7 8 10 11 | 11.2
Translocations | 2 |  2.0
Poison Magic   | 2 |  2.1
Stealth        | 3 5 |  5.4
Fighting       | 5 |  5.0
Air Magic      | 2 4 |  4.0
Fire Magic     | 2 4 |  4.0
Short Blades   | 5 |  5.0
Spellcasting   | 5 |  5.0
Dodging        | |  1.7
Summonings     | |  1.0

Action                   |  1- 3 |  4- 6 |  7- 9 | 10-12 || total
-------------------------+-------+-------+-------+-------++-------
Melee: Unarmed           |     9 |       |       |       ||     9
       Dagger            |    38 |     2 |       |       ||    40
       Short sword       |       |    44 |       |       ||    44
       Quarterstaff      |       |    24 |   199 |   121 ||   344
       Trident           |       |     2 |       |       ||     2
 Fire: Blowgun           |       |    34 |       |    61 ||    95
 Cast: Magic Dart        |    95 |    77 |   241 |   144 ||   557
       Mephitic Cloud    |     1 |     4 |     9 |    12 ||    26
       Blink             |       |       |     2 |     5 ||     7
       Conjure Flame     |       |       |     2 |     3 ||     5
Invok: Call Merchant     |       |       |       |     1 ||     1
Evoke: Wand              |       |       |       |     6 ||     6
  Use: Scroll            |     4 |     3 |     3 |     3 ||    13
       Potion            |     1 |       |       |       ||     1
 Stab: Sleeping          |     1 |     1 |     4 |       ||     6
       Confused          |       |     1 |     3 |     3 ||     7
       Paralysed         |       |       |     2 |       ||     2
       Petrified         |       |       |     3 |     5 ||     8
       Distracted        |       |       |       |     1 ||     1
       Petrifying        |       |       |       |     1 ||     1
  Eat: Chunk             |     3 |     6 |     4 |       ||    13
       Ration            |       |       |     3 |     2 ||     5
Armor: Robe              |     8 |    11 |    39 |    19 ||    77
Dodge: Dodged            |    29 |    55 |   151 |    64 ||   299

Table legend:
 A = Spawn XP
 B = Non-spawn XP
 C = Spawn XP percentage of total XP
 D = Spawn monster count
 E = Non-spawn monster count
 F = Spawn count percentage of total count
 G = Total turns spent on level
                    A         B        C        D         E        F      G
               +---------+---------+-------+---------+---------+-------+---------
         Total |       0 |   11004 |   0.0 |       0 |     239 |   0.0 |  9850
               +---------+---------+-------+---------+---------+-------+---------
           D:1 |       0 |      43 |   0.0 |       0 |      25 |   0.0 |  1229
           D:2 |       0 |     124 |   0.0 |       0 |      19 |   0.0 |  1049
           D:3 |       0 |     296 |   0.0 |       0 |      28 |   0.0 |  1165
           D:4 |       0 |     642 |   0.0 |       0 |      21 |   0.0 |  1338
           D:5 |       0 |     773 |   0.0 |       0 |      20 |   0.0 |   688
           D:6 |       0 |    1003 |   0.0 |       0 |      24 |   0.0 |   828
           D:7 |       0 |    1054 |   0.0 |       0 |      21 |   0.0 |   822
           D:8 |       0 |    2493 |   0.0 |       0 |      27 |   0.0 |  1268
           D:9 |       0 |    4536 |   0.0 |       0 |      53 |   0.0 |  1383
          D:10 |       0 |      40 |   0.0 |       0 |       1 |   0.0 |    17
               +---------+---------+-------+---------+---------+-------+---------
